 Dungeon Crawl Stone Soup version 0.31.0-9-g3a7656b989 (webtiles) character file.

Game seed: 1487870605915329526

129 qw the Shooter (level 4, -3/23 HPs)
             Began as a Spriggan Hunter on Feb 2, 2024.
             Slain by a sleepcap (6 damage)
             ... on level 4 of the Dungeon.
             The game lasted 00:00:08 (2558 turns).

qw the Shooter (Spriggan Hunter)                    Turns: 2558, Time: 00:00:09

Health: -3/23      AC:  2    Str:  7      XL:     4   Next: 88%
Magic:  5/5        EV: 19    Int:  8 (10) God:
Gold:   277        SH:  0    Dex: 17 (20) Spells: 3/3 levels left

rFire   . . .        a - +0 shortbow
rCold   . . .        (shield currently unavailable)
rNeg    . . .        c - +0 robe
rPois   .            (helmet restricted)
rElec   .            (no cloak)
rCorr   .            (gloves unavailable)
SInv    +            (boots unavailable)
Will    .....        (no amulet)
Stlth   ++           (no ring)
HPRegen 0.23/turn    (no ring)
MPRegen 0.09/turn

%: no passive effects
@: very quick
A: very small, no large weapons, unfitting armour, see invisible, speed 3
a: no special abilities


You were on level 4 of the Dungeon.
You visited 1 branch of the dungeon, and saw 4 of its levels.

You collected 277 gold pieces.


Innate Abilities, Weirdness & Mutations

You are very small and have problems with some larger weapons.
You are too small for most types of armour.
You have supernaturally acute eyesight. (SInv)
You cover ground extremely quickly. (Speed+++)


   Skills:
 - Level 2.0 Fighting
 + Level 5.1 Ranged Weapons
 - Level 4.9 Dodging
 - Level 1.5 Stealth


You had 3 spell levels left.
You didn't know any spells.
Your spell library was empty.

Inventory:

Hand Weapons
 a - a +0 shortbow (weapon)
Armour
 c - a +0 robe (worn)
Jewellery
 f - a ring of fire
 h - a ring of ice
 j - a ring of positive energy
Potions
 d - a potion of enlightenment {unknown}
 e - a potion of curing
 g - a potion of haste
 i - a potion of ambrosia {unknown}

Dungeon Overview and Level Annotations

Branches:
Dungeon (4/15)
 Temple: D:4-7

Altars:

Shops:
D:1 ([   D:2 =


Message History

You shoot an arrow.
The arrow hits the sleepcap but does no damage.
The sleepcap is lightly damaged.
You shoot an arrow. The arrow hits the sleepcap.
The sleepcap is moderately damaged.
You shoot an arrow.
The arrow hits the sleepcap but does no damage.
The sleepcap is moderately damaged.
The sleepcap completely misses you.
You shoot an arrow. The arrow hits the sleepcap.
The sleepcap is moderately damaged.
The sleepcap releases spores at you.
You are engulfed in a cloud of soporific spores!
You fall asleep.
The sleepcap releases spores at you!
You wake up.
Ouch! That really hurt!
You are engulfed in a cloud of soporific spores!
You are unaffected.
You shoot an arrow.
The arrow hits the sleepcap but does no damage.
The sleepcap is moderately damaged.
The sleepcap completely misses you.
The sleepcap releases spores at you but does no damage.
You shoot an arrow.
The arrow hits the sleepcap but does no damage.
The sleepcap is moderately damaged.
The sleepcap misses you.
You shoot an arrow. The arrow hits the sleepcap.
The sleepcap is heavily damaged.
The sleepcap releases spores at you.
You are engulfed in a cloud of soporific spores!
You are unaffected.
You shoot an arrow. The arrow hits the sleepcap.
The sleepcap is severely damaged.
The sleepcap barely misses you.
You shoot an arrow.
The arrow hits the sleepcap but does no damage.
The sleepcap is severely damaged.
The sleepcap releases spores at you.
You die...

#.# #.# #.#
#.#########
###.##......#
#......####...
#.#.##..## #
#.#.##.#.##.##...
# #......@f......
####.#.##.##...
#..## # ...#
###.. ## ########
#......# ######
##### #.####.#
###....###...#


You could see a sleepcap.

Vanquished Creatures
  7 adders
  4 dart slugs
  A ribbon worm (D:2)
  An orc (D:4)
  4 endoplasms
  A giant cockroach (D:1)
  8 hobgoblins
  5 kobolds
  4 quokkas
  7 ball pythons
  2 bats
  3 frilled lizards
  6 goblins
  3 rats
56 creatures vanquished.

Notes
Turn   | Place    | Note
-------+----------+-------------------------------------------
     0 | D:1      | qw the Spriggan Hunter began the quest for the Orb.
     0 | D:1      | Reached XP level 1. HP: 10/10 MP: 2/2
     0 | D:1      | 0 ||| qw: Version: 0.3-a-155-g5e7d8dd
     0 | D:1      | 0 ||| qw: Game counter: 2308
     0 | D:1      | 0 ||| qw: Melee chars always use a shield: true
     0 | D:1      | 0 ||| qw: God list: Okawaru
     0 | D:1      | 0 ||| qw: Allow faded altars: false
     0 | D:1      | 0 ||| qw: Do Orc after clearing Dungeon:15 true
     0 | D:1      | 0 ||| qw: Do second Lair branch before Depths: true
     0 | D:1      | 0 ||| qw: Lair rune preference: random
     0 | D:1      | 0 ||| qw: Goals: Normal
     0 | D:1      | 0 ||| PLANNING D:1-11
    33 | D:1      | Reached skill level 3 in Dodging
    47 | D:1      | Reached XP level 2. HP: 14/14 MP: 3/3
   140 | D:1      | Found Coepurah's Weapon Shop.
   339 | D:1      | Found a faded altar of an unknown god.
   383 | D:1      | Found Xyakhilo's Antique Armour Emporium.
   386 | D:1      | Reached XP level 3. HP: 18/18 MP: 4/4
   546 | D:1      | 546 ||| READING scroll labelled VAOFRO BIYPP.
   647 | D:1      | 647 ||| READING scroll labelled LYAHUR ACYUNWY.
   647 | D:1      | 647 ||| ENCHANTING +0 shortbow.
   648 | D:1      | 648 ||| DRINKING 2 fuming brown potions.
   649 | D:1      | 649 ||| DROPPING scroll of butterflies.
   763 | D:2      | Found Tuth's Jewellery Boutique.
   768 | D:2      | 768 ||| SHOPLISTING +5 ring of evasion (396 gold, have 59).
   768 | D:2      | 768 ||| SHOPLISTING amulet of faith (440 gold, have 59).
   768 | D:2      | 768 ||| SHOPLISTING amulet of guardian spirit (330 gold,
                  | have 59).
   768 | D:2      | 768 ||| SHOPLISTING amulet of reflection (330 gold, have
                  | 59).
   768 | D:2      | 768 ||| SHOPLISTING ring of positive energy (220 gold, have
                  | 59).
   768 | D:2      | 768 ||| SHOPLISTING ring of protection from fire (275 gold,
                  | have 59).
   832 | D:2      | Reached skill level 5 in Ranged Weapons
   832 | D:2      | 832 ||| FLEEEEING.
   870 | D:2      | Reached XP level 4. HP: 22/22 MP: 5/5
  1304 | D:2      | 1304 ||| DROPPING +3 sling.
  1305 | D:2      | 1305 ||| READING scroll labelled UMUYLE PINO.
  1306 | D:2      | 1306 ||| READING scroll labelled ITENIESTROU.
  1307 | D:2      | 1307 ||| READING scroll labelled VYEFAN OTASSABB.
  1408 | D:2      | 1408 ||| READING scroll labelled OROIBIU PATASI.
  1413 | D:2      | 1413 ||| READING scroll labelled XOARRENIMP.
  1414 | D:2      | 1414 ||| DRINKING 2 dark potions.
  1415 | D:2      | 1415 ||| DROPPING potion of degeneration.
  1439 | D:3      | 1439 ||| STAIRDANCE
  1445 | D:2      | HP: 4/22 [poisoned by an adder]
  2234 | D:3      | 2234 ||| DRINKING 2 black potions.
  2235 | D:3      | 2235 ||| DRINKING 2 puce potions.
  2236 | D:3      | 2236 ||| DROPPING potion of attraction.
  2384 | D:4      | HP: 3/23 [iguana (14)]
  2385 | D:4      | 2385 ||| READING scroll of teleportation.
  2385 | D:4      | HP: 1/23 [iguana (2)]
  2556 | D:4      | HP: 3/23 [sleepcap (4)]
  2558 | D:4      | Slain by a sleepcap

Levels and vault maps discovered:
D:1:      dpeg_arrival_long_road, layout_basic, serial_shops, shop,
          nicolae_shop_bloodbath_and_beyond, chequers_ecumenical_altar_lobes,
          minmay_bisected
D:2:      layout_loops_ring, serial_shops, shop
D:3:      layout_basic
D:4:      layout_loops_corners, serial_library_hellmonk_recessed_alcove

Skill      XL: |  1  2  3  4 |
---------------+-------------+-----
Dodging        | 3 4 |  4.9
Ranged Weapons | 5 |  5.1
Fighting       | 2 |  2.0
Stealth        | |  1.5

Action                     |  1- 3 |  4- 6 || total
---------------------------+-------+-------++-------
   Fire: Shortbow          |   100 |    87 ||   187
    Use: Scroll            |     2 |     6 ||     8
         Potion            |     1 |     3 ||     4
 Armour: Robe              |     5 |    16 ||    21
  Dodge: Dodged            |    18 |    32 ||    50

Table legend:
 A = Non-vault XP
 B = Vault XP
 C = Vault XP percentage of total XP
 D = Non-vault monster count
 E = Vault monster count
 F = Vault count percentage of total count
                 A         B        C        D         E       F
            +---------+---------+-------+---------+---------+-------
      Total |     177 |       8 |   4.3 |      52 |       4 |   7.1
            +---------+---------+-------+---------+---------+-------
        D:1 |      35 |       8 |  18.6 |      19 |       4 |  17.4
        D:2 |     116 |       0 |   0.0 |      25 |       0 |   0.0
        D:3 |      21 |       0 |   0.0 |       6 |       0 |   0.0
        D:4 |       5 |       0 |   0.0 |       2 |       0 |   0.0
            +---------+---------+-------+---------+---------+-------
